 Dungeon Crawl Stone Soup version 0.26-a0-937-g67df3f2acb (console) character file.

Game seed: 7499549997212490375

5822 Gather the Destroyer (level 11, -2/59 (60) HPs)
             Began as a Kobold Conjurer on Nov 27, 2020.
             Was a Priest of Nemelex Xobeh.
             Slain by a blink frog (9 damage)
             ... on level 2 of the Lair of Beasts.
             The game lasted 01:18:09 (13887 turns).

Gather the Destroyer (Kobold Conjurer)             Turns: 13887, Time: 01:18:10

HP:   -2/59 (60)    AC: 13    Str:  5    XL:     11   Next: 7%
MP:   7/17          EV: 15    Int: 22    God:    Nemelex Xobeh [***...]
Gold: 687           SH:  9    Dex: 20    Spells: 5/18 levels left

rFire    . . .     SeeInvis .   b - +4 dagger (freeze)
rCold    . . .     Faith    +   R - +2 buckler
rNeg     . . .     Spirit   .   i - +1 robe
rPois    .         Reflect  .   y - +1 helmet
rElec    .         Harm     .   H - scarf {repulsion}
rCorr    .         Rampage  .   l - +1 pair of gloves
MR       .....                  q - +1 pair of boots
Stlth    +++++.....             K - amulet of faith
HPRegen  0.19/turn              w - +4 ring of protection
MPRegen  0.15/turn              o - +6 ring of dexterity

@: repel missiles
A: small, nightstalker 3
a: Draw Escape, Draw Destruction, Draw Summoning, Triple Draw, Renounce Religion


You were on level 2 of the Lair of Beasts.
You worshipped Nemelex Xobeh.
Nemelex Xobeh was most pleased with you.
You visited 3 branches of the dungeon, and saw 11 of its levels.

You collected 687 gold pieces.

Inventory:

Hand Weapons
 a - a +0 short sword of electrocution
 b - a +4 dagger of freezing (weapon)
Missiles
 c - 7 boomerangs
 g - 453 stones
 r - 61 poisoned darts
 v - 12 curare-tipped darts
Armour
 i - a +1 robe (worn)
 l - a +1 pair of gloves (worn)
 q - a +1 pair of boots (worn)
 x - a +3 ring mail
 y - a +1 helmet (worn)
 E - a +2 cloak
 H - a scarf of repulsion (worn)
 J - a +0 cloak of magic resistance
 R - a +2 buckler (worn)
Jewellery
 j - an uncursed ring of positive energy
 o - a +6 ring of dexterity (right hand)
 p - an uncursed amulet of magic regeneration
 w - a +4 ring of protection (left hand)
 K - an amulet of faith (around neck)
 L - an uncursed amulet of guardian spirit {unknown}
 P - an uncursed ring of magical power
Scrolls
 e - 7 scrolls of remove curse
 C - 3 scrolls of amnesia
 M - 4 scrolls of teleportation
Potions
 d - 3 potions of brilliance
 f - a potion of haste
 h - a potion of ambrosia
 k - 3 potions of curing
 m - a potion of cancellation
 n - a potion of flight
 s - a potion of attraction
 t - a potion of degeneration {unknown}
 u - 2 potions of resistance
 z - a potion of berserk rage {unknown}
 A - 5 potions of lignification
 B - 4 potions of heal wounds {unknown}
 D - 3 potions of mutation
 I - a potion of magic
 N - a potion of might {unknown}


   Skills:
 + Level 3.8 Fighting
 + Level 7.0 Short Blades
 - Level 2.4 Dodging
 + Level 7.1 Stealth
 - Level 4.0 Shields
 - Level 4.0 Spellcasting
 - Level 9.1 Conjurations
 + Level 7.4 Hexes
 - Level 5.5 Invocations


You had 5 spell levels left.
You knew the following spells:

 Your Spells              Type           Power        Failure   Level
a - Searing Ray           Conj           #####.       1%          2
b - Magic Dart            Conj           ####         1%          1
c - Confusing Touch       Hex            #####...     1%          3
d - Dazzling Flash        Conj/Hex       #####.       1%          3
f - Fulminant Prism       Conj/Hex       #####.....   4%          4

Your spell library contained the following spells:

 Spells                   Type           Power        Failure   Level
 Freeze                   Ice            #...         13%         1
 Hailstorm                Conj/Ice       ###.....     19%         4
 Iskenderun's Mystic Bla  Conj/Tloc      ###.....     19%         4
 Frozen Ramparts          Ice            #.....       36%         3
 Gell's Gravitas          Tloc           #.........   36%         3
 Ozocubu's Armour         Ice            #.......     36%         3
 Metabolic Englaciation   Hex/Ice        ###.......   61%         5
 Yara's Violent Unravell  Hex/Tmut       ###.......   61%         5
 Petrify                  Tmut/Erth      #.......     77%         4
 Summon Ice Beast         Ice/Summ       #.......     77%         4


Dungeon Overview and Level Annotations

Branches:
Dungeon (8/15)             Temple (1/1) D:5            Lair (2/6) D:8
  Swamp: Lair:2-4    Shoals: Lair:2-4     Snake: Lair:2-4    Spider: Lair:2-4

Altars:
Elyvilon
Fedhas
Hepliaklqana
Kikubaaqudgha
Nemelex Xobeh
Okawaru
Ru
Sif Muna
Yredelemnul
Zin
The Shining One
Beogh

Shops:
D:7 [

Annotations:
D:4 3 runed translucent doors, Grinder
D:5 3 runed translucent doors
Lair:1 exclusion: oklob plant


Innate Abilities, Weirdness & Mutations

You are small and have problems with some larger weapons.
You are completely attuned to the shadows.


Message History

You draw a card...
You have drawn the Rangers.
The steam dragon is no longer blind.
The blink frog is no longer blind.
The komodo dragon bites your centaur!
Your hellwing hits the komodo dragon! Your hellwing hits the komodo dragon.
The steam dragon bites your centaur.
The steam dragon claws your centaur but does no damage.
The blink frog hits your hellwing but does no damage.
The komodo dragon completely misses your centaur.
Your centaur hits the komodo dragon!
Your centaur barely misses the blink frog.
The blink frog barely misses your hellwing.
The blink frog misses you.
Your hellwing closely misses the komodo dragon. x2
The steam dragon completely misses your centaur.
The steam dragon closely misses your centaur.
Your centaur completely misses the komodo dragon.
Your centaur hits the blink frog.
The komodo dragon completely misses your centaur.
The blink frog hits your hellwing but does no damage.
The blink frog completely misses you. The blink frog hits you!
You die...
Your body glows with a rainbow of weird colours and disappears.

#.#.......#
#######.#......##
##.##.##........#
##...............# #
#P..............##
#######..........##...#
.#.#............###...#
.......[..#†....##..#^.#
.......#####FDl..####..#
..#PP.## #.#4cF## #.
..####### ##†..F@# ###
#.####..c### .####
#.#.#....#
.##.###........#
....##........##
..####........##
..###..........#
)##.............
.##......^...... #..#
.#####.......##. .... ##
#.##.....# ..#


You could see a komodo dragon, 3 blink frogs, a steam dragon, a friendly
hellwing (summoned) and 2 friendly centaurs.

Vanquished Creatures
  A rime drake (Lair:2)
  A komodo dragon (Lair:2)
  A blink frog (Lair:2)
  2 wraiths (D:8)
  4 yaks (Lair:1)
  2 water moccasins
  6 orc warriors
  A sky beast (D:2)
  3 necrophages (D:8)
  An ogre (D:5)
  3 centaurs
  Blork the orc (D:8)
  3 bullfrogs
  A gnoll sergeant (D:8)
  An elf skeleton (D:8)
  3 scorpions
  An electric eel (D:7)
  7 wights (D:8)
  A howler monkey (D:4)
  3 bullfrog zombies (D:5)
  4 orc priests
  Crazy Yiuf (D:6)
  3 bullfrog skeletons
  3 hounds
  3 jellies (D:7)
  9 orc wizards
  A centaur skeleton (D:8)
  3 human zombies (D:8)
  Jessica (D:2)
  4 iguanas
  8 worker ants
  A hound zombie (D:7)
  A hound skeleton (D:5)
  A mummy (D:8)
  Robin (D:4)
  A worker ant zombie (D:5)
  9 gnolls
  9 adders
  3 shadow imps
  5 white imps
  An ufetubus (D:8)
  2 oozes (D:6)
  An adder zombie (D:5)
  3 worms
  4 dart slugs
  2 leopard geckos
  67 orcs
  6 giant cockroaches
  17 goblins
  14 hobgoblins
  3 jackals (D:1)
  7 quokkas
  A ball python (D:4)
  23 bats
  2 frilled lizards
  4 kobolds
  2 leopard gecko skeletons
  A quokka skeleton (D:7)
  7 rats
284 creatures vanquished.

Vanquished Creatures (collateral kills)
  A komodo dragon (Lair:2)
  A blink frog (Lair:2)
2 creatures vanquished.

Vanquished Creatures (others)
  A blink frog (Lair:2)
  11 fulminant prisms
  2 fungi (Lair:2)
  6 plants
20 creatures vanquished.

Grand Total: 306 creatures vanquished

Notes
Turn   | Place    | Note
-------+----------+-------------------------------------------
     0 | D:1      | Gather the Kobold Conjurer began the quest for the Orb.
     0 | D:1      | Reached XP level 1. HP: 10/10 MP: 3/3
   344 | D:1      | Reached XP level 2. HP: 15/15 MP: 0/5
   760 | D:1      | Learned a level 2 spell: Searing Ray
   996 | D:1      | Reached XP level 3. HP: 6/19 MP: 4/6
  1621 | D:1      | Reached skill level 5 in Conjurations
  1660 | D:1      | Learned a level 3 spell: Dazzling Flash
  1989 | D:2      | Noticed Jessica
  1990 | D:2      | Killed Jessica
  1991 | D:2      | Reached skill level 1 in Short Blades
  1991 | D:2      | Reached XP level 4. HP: 24/24 MP: 7/7
  2112 | D:2      | Reached skill level 1 in Fighting
  2211 | D:2      | Noticed a sky beast
  2666 | D:2      | Killed a sky beast
  2667 | D:2      | Reached skill level 1 in Hexes
  2667 | D:2      | Reached XP level 5. HP: 13/30 MP: 0/8
  3136 | D:2      | Reached XP level 6. HP: 32/35 MP: 1/9
  3408 | D:2      | Found a hazy altar of Hepliaklqana.
  4513 | D:3      | Reached skill level 5 in Stealth
  4513 | D:3      | Reached XP level 7. HP: 41/41 MP: 10/10
  4921 | D:4      | Found a runed translucent gate.
  4922 | D:4      | Found a runed translucent gate.
  4922 | D:4      | Found a runed translucent gate.
  4994 | D:4      | Noticed Robin
  5001 | D:4      | Killed Robin
  5066 | D:4      | Noticed Grinder
  5259 | D:5      | Entered Level 5 of the Dungeon
  5341 | D:5      | Found a hazy altar of Hepliaklqana.
  5350 | D:5      | Found a white marble altar of Elyvilon.
  5422 | D:5      | Found a basalt altar of Yredelemnul.
  5445 | D:5      | Found a runed translucent gate.
  5445 | D:5      | Found a runed translucent gate.
  5445 | D:5      | Found a runed translucent gate.
  5487 | D:5      | Reached skill level 5 in Short Blades
  5738 | D:5      | Reached XP level 8. HP: 46/46 MP: 4/11
  6063 | D:5      | Reached skill level 6 in Conjurations
  6243 | D:5      | Found a staircase to the Ecumenical Temple.
  6454 | Temple   | Entered the Ecumenical Temple
  6462 | Temple   | Became a worshipper of Nemelex Xobeh the Trickster
  6551 | D:5      | Found an iron altar of Okawaru.
  6950 | D:6      | Learned a level 4 spell: Fulminant Prism
  6971 | D:6      | Found a sacrificial altar of Ru.
  7150 | D:6      | Found a glowing golden altar of the Shining One.
  7225 | D:6      | Reached skill level 7 in Conjurations
  7312 | D:6      | Reached XP level 9. HP: 50/50 MP: 12/12
  7719 | D:6      | Found a runed translucent door.
  7722 | D:6      | Noticed Crazy Yiuf
  7727 | D:6      | Killed Crazy Yiuf
  7814 | D:7      | Found Offie's Antique Armour Shop.
  7854 | D:7      | Reached * piety under Nemelex Xobeh
  8157 | D:7      | Reached skill level 1 in Invocations
  8483 | D:7      | Received a gift from Nemelex Xobeh
  8525 | D:7      | Reached skill level 5 in Hexes
  9461 | D:8      | Found a roughly hewn altar of Beogh.
  9465 | D:8      | Reached skill level 8 in Conjurations
  9673 | D:8      | Noticed Blork the orc
  9788 | D:8      | Killed Blork the orc
  9820 | D:8      | Found a shimmering blue altar of Sif Muna.
  9872 | D:8      | Found a staircase to the Lair.
 10956 | D:8      | Reached ** piety under Nemelex Xobeh
 10996 | D:8      | Reached XP level 10. HP: 56/56 MP: 14/14
 11353 | D:8      | Reached skill level 5 in Invocations
 11383 | D:8      | Reached skill level 9 in Conjurations
 11454 | D:8      | Found an ancient bone altar of Kikubaaqudgha.
 12012 | D:8      | Reached skill level 1 in Shields
 12492 | Lair:1   | Entered Level 1 of the Lair of Beasts
 12525 | Lair:1   | Learned a level 3 spell: Confusing Touch
 12612 | Lair:1   | Received a gift from Nemelex Xobeh
 12648 | Lair:1   | Noticed an oklob plant
 12648 | Lair:1   | Noticed a catoblepas
 13471 | Lair:1   | Reached *** piety under Nemelex Xobeh
 13471 | Lair:1   | Received a gift from Nemelex Xobeh
 13574 | Lair:2   | Noticed a komodo dragon
 13583 | Lair:2   | Killed a komodo dragon
 13712 | Lair:2   | Noticed a rime drake
 13726 | Lair:2   | Killed a rime drake
 13864 | Lair:2   | Noticed a komodo dragon
 13876 | Lair:2   | Reached XP level 11. HP: 23/59 MP: 11/17
 13887 | Lair:2   | Slain by a blink frog

Illustrated notes

Levels and vault maps discovered:
D:1:      psy_arrival_spokes, layout_basic, minmay_misc_feat_columns,
          minmay_3d_cube
D:2:      layout_rooms, lemuel_round_altar, minmay_misc_feat_ornament,
          uniq_jessica
D:3:      layout_rooms, serial_bayou_pond_b, minmay_misc_feat_plants
D:4:      minmay_clustersquares, layout_loops_ring, ebering_ghost_rock_garden,
          uniq_grinder, uniq_robin
D:5:      layout_gridville, elyvilon_altar_5, overflow_temple_1_default,
          okawaru_altar_gauntlet_db, minmay_temple_entry_glassed_door,
          gammafunk_ghost_split, basic_altar, minmay_pentangle
D:6:      lemuel_upstairs_altar, layout_rooms, nicolae_ru_sacrificial_ziggurat,
          tso_oasis_becter, minmay_fountain_box, dk_noncrumbling_2,
          uniq_crazy_yiuf_cottage
D:7:      wad_river_or_something, layout_basic, serial_shops, shop
D:8:      layout_layer_cave, tgw_sif, lemuel_mausoleum_altar_kikubaaqudgha,
          lair_entry_dummy, special_room [special_room_orc]
Temple:   cyrus_circular_temple
Lair:1:   layout_concentric_octagons, st_stairs_8,
          chequers_serial_rivers_small_a, grunt_megastairs_4,
          minmay_lair_oklob_chamber, lemuel_fruit_tree
Lair:2:   layout_cave_pods, gammafunk_ghost_hive, grunt_megastairs_3,
          serial_bayou_shore_a

Skill      XL: |  1  2  3  4  5  6  7  8  9 10 11 |
---------------+----------------------------------+-----
Conjurations   | 5 7 8 9 |  9.1
Short Blades   | 1 2 3 5 6 7 |  7.0
Stealth        | 3 4 5 6 7 |  7.1
Fighting       | 1 2 3 |  3.8
Hexes          | 1 2 4 6 7 |  7.4
Invocations    | 4 5 |  5.5
Spellcasting   | 4 |  4.0
Shields        | 4 |  4.0
Dodging        | |  2.4

Action                   |  1- 3 |  4- 6 |  7- 9 | 10-12 || total
-------------------------+-------+-------+-------+-------++-------
Melee: Club              |    29 |       |       |       ||    29
       Unarmed           |     2 |       |       |       ||     2
       Dagger            |    15 |    14 |       |    46 ||    75
       Short sword       |       |    51 |   157 |    11 ||   219
 Cast: Magic Dart        |    20 |     3 |       |       ||    23
       Searing Ray       |     7 |    36 |    61 |    32 ||   136
       Dazzling Flash    |       |     5 |     1 |     5 ||    11
       Fulminant Prism   |       |       |     6 |     5 ||    11
       Confusing Touch   |       |       |       |     3 ||     3
Invok: Draw Escape       |       |       |       |     3 ||     3
       Draw Summoning    |       |       |       |     2 ||     2
  Use: Scroll            |       |     3 |    18 |     4 ||    25
       Potion            |       |     2 |       |       ||     2
 Stab: Sleeping          |    13 |    10 |    37 |     7 ||    67
       Invisible         |       |     1 |     1 |     2 ||     4
       Distracted        |       |       |     5 |       ||     5
       Confused          |       |       |       |     3 ||     3
Armor: Robe              |    12 |    33 |    49 |    20 ||   114
Dodge: Dodged            |    58 |   104 |   119 |    59 ||   340
       Repelled          |       |       |     1 |       ||     1
Block: Buckler           |       |       |       |    12 ||    12

Table legend: (Time is in decaauts)
 A = Elapsed time spent in this place.
 B = Non-inter-level travel time spent in this place.
 C = Inter-level travel time spent in this place.
 D = Time resting spent in this place.
 E = Time spent auto-exploring this place.
 F = Levels seen in this place.
 G = Mean time per level.
                   A        B        C        D        E       F      G
               +--------+--------+--------+--------+--------+-----+--------+
         Total |  13835 |  13516 |    319 |   2677 |   7983 |  11 | 1257.7 |
       Dungeon |  12435 |  12163 |    272 |   2465 |   7130 |   8 | 1554.4 |
        Temple |     15 |     11 |      4 |      0 |      3 |   1 |   15.0 |
          Lair |   1384 |   1342 |     42 |    212 |    849 |   2 |  692.0 |
               +--------+--------+--------+--------+--------+-----+--------+

Top non-repeatable levels by time:
     D:8: 3300 daAuts
     D:1: 2488 daAuts
     D:5: 1596 daAuts
     D:2: 1297 daAuts
     D:7: 1201 daAuts
     D:6: 1090 daAuts
  Lair:1: 1071 daAuts
     D:3: 908 daAuts
     D:4: 552 daAuts
  Lair:2: 312 daAuts
  Temple: 15 daAuts
